 Dungeon Crawl Stone Soup version 0.25-a0-156-g0c4bda3fdf (webtiles) character file.

Game seed: 16735633767989579028, levelgen mode: deterministic

168 Leeroy the Slasher (level 5, 0/41 HPs)
             Began as a Draconian Skald on Nov 20, 2019.
             Slain by a killer bee (7 damage)
             ... on level 3 of the Dungeon.
             The game lasted 00:04:59 (3529 turns).

Leeroy the Slasher (Draconian Skald)                Turns: 3529, Time: 00:05:00

Health: 0/41       AC:  6    Str: 14    XL:     5   Next: 24%
Magic:  8/8        EV: 18    Int: 13    God:
Gold:   165        SH:  0    Dex: 16    Spells: 1/8 levels left

rFire    . . .     SeeInvis .   a - +0 falchion
rCold    . . .     Gourm    .   (no shield)
rNeg     . . .     Faith    .   (armour unavailable)
rPois    .         Spirit   .   (helmet restricted)
rElec    .         Reflect  .   k - +0 cloak
rCorr    .         Harm     .   (no gloves)
MR       .....                  (no boots)
Stlth    ++........             (no amulet)
HPRegen  0.13/turn              (no ring)
MPRegen  0.11/turn              (no ring)

@: agile, lethally poisoned (0 -> -8), flying
A: unfitting armour, cold-blooded, AC +5
a: no special abilities


You were on level 3 of the Dungeon.
You were hungry.

You visited 1 branch of the dungeon, and saw 4 of its levels.

You collected 165 gold pieces.

Inventory:

Hand Weapons
 a - a +0 falchion (weapon)
Missiles
 g - 12 poisoned darts (quivered)
Armour
 k - a +0 cloak (worn)
Scrolls
 d - 5 scrolls of teleportation {unknown}
 e - 4 scrolls of identify {unknown}
 i - 2 scrolls of enchant armour {unknown}
 l - 2 scrolls of remove curse {unknown}
 n - a scroll of fear {unknown}
 o - a scroll of amnesia {unknown}
 q - a scroll of fog {unknown}
Potions
 h - a potion of berserk rage {unknown}
 j - a potion of magic
Comestibles
 c - 6 rations


   Skills:
 - Level 2.1 Fighting
 + Level 5.5 Long Blades
 - Level 2.1 Dodging
 - Level 2.0 Spellcasting
 - Level 2.6 Charms


You had one spell level left.
You knew the following spells:

 Your Spells              Type           Power        Failure   Level  Hunger
a - Infusion              Chrm           #...         9%          1    ##.....
b - Spectral Weapon       Hex/Chrm       #.......     41%         3    ####...
c - Regeneration          Chrm/Necr      #.........   41%         3    ####...

Your spell library contained the following spells:

 Spells                   Type           Power        Failure   Level  Hunger
 Song of Slaying          Chrm           #.......     13%         2    ###....
 Shroud of Golubria       Chrm/Tloc      #.....       22%         2    ###....


Dungeon Overview and Level Annotations

Branches:
Dungeon (4/15)
 Temple: D:4-7

Altars:
Cheibriados


Innate Abilities, Weirdness & Mutations

Your plain brown scales are hard. (AC +5)
You cannot fit into any form of body armour.
You are cold-blooded and may be slowed by cold attacks.


Message History

Unknown command.
Unknown command.
Unknown command.
Unknown command.
Unknown command.
Unknown command.
Unknown command.
It was a potion of heal wounds.
You feel much better.
You feel sick. The killer bee closely misses you. The killer bee stings you.
You are more poisoned.
The killer bee poisons you! The killer bee stings you.
The killer bee completely misses you.
You riposte.
You miss the killer bee.
The killer bee is lightly wounded.
Unknown command.
You closely miss the killer bee.
The killer bee is lightly wounded.
You feel sick. The killer bee stings you.
* * * LOW HITPOINT WARNING * * *
The killer bee barely misses you. The killer bee stings you!
You die...

#.......#.... ##.....###... .
##### ##...## ##.† #.
....##+#######'#######' ###.
#................)... .....
#.........†..........
#..###...(.....†.........)
#......##y#######'#######)
#.##..##.@y## ##...## ##..
#####.##.##..)..###.....###...
#........#.......#.†.....#....
#y###....#.......#.......#....
######.......#.......#...)
##.....###.....###... ##...##
##...## ##.. #####
############# .........###.


You could see 2 killer bees and a friendly spectral +0 falchion.

Vanquished Creatures
  7 adders
  3 gnolls
  An ooze (D:3)
  A dart slug (D:2)
  A leopard gecko (D:1)
  3 orcs (D:3)
  A ball python (D:1)
  11 bats
  A giant cockroach (D:3)
  11 hobgoblins
  4 jackals (D:3)
  8 kobolds
  A quokka (D:3)
  5 frilled lizards
  5 goblins
  2 rats
65 creatures vanquished.

Notes
Turn   | Place    | Note
-------+----------+-------------------------------------------
     0 | D:1      | Leeroy the Draconian Skald began the quest for the Orb.
     0 | D:1      | Reached XP level 1. HP: 17/17 MP: 3/3
   498 | D:1      | Reached XP level 2. HP: 24/24 MP: 5/5
   687 | D:1      | Reached skill level 3 in Long Blades
  1067 | D:2      | Found a snail-covered altar of Cheibriados.
  1098 | D:2      | Reached XP level 3. HP: 13/29 MP: 6/6
  1437 | D:2      | Reached skill level 4 in Long Blades
  1843 | D:2      | Reached XP level 4. HP: 36/36 MP: 7/7
  2791 | D:3      | Reached skill level 5 in Long Blades
  3068 | D:4      | HP: 1/36 [hobgoblin (2)]
  3080 | D:4      | Learned a level 3 spell: Spectral Weapon
  3084 | D:4      | Learned a level 3 spell: Regeneration
  3368 | D:3      | Reached XP level 5. HP: 22/41 MP: 8/8
  3527 | D:3      | HP: 2/41 [poisoned by a killer bee]
  3529 | D:3      | Slain by a killer bee

Levels and vault maps discovered:
D:1:      tarquinn_simple_flora_water_d, layout_loops_corners, glass_columns_b,
          chequers_serial_rivers_micro_c
D:2:      minmay_wonky_spiral, layout_basic, serial_glass, glass_columns_a,
          glass_columns_a, kennysheep_slug_shrine
D:3:      kennysheep_six_static_rooms, layout_loops_ring, uniq_ijyb
D:4:      layout_gridville, kennysheep_little_box

Skill      XL: |  1  2  3  4 |
---------------+-------------+-----
Long Blades    | 3 4 5 |  5.5
Fighting       | |  2.1
Dodging        | |  2.1
Spellcasting   | |  2.0
Charms         | |  2.6

Action                   |  1- 3 |  4- 6 || total
-------------------------+-------+-------++-------
Melee: Falchion          |   142 |   107 ||   249
       Tailslap          |    14 |    11 ||    25
 Cast: Infusion          |       |     1 ||     1
       Spectral Weapon   |       |     1 ||     1
  Use: Potion            |       |     5 ||     5
 Stab: Sleeping          |     1 |       ||     1
  Eat: Chunk             |     3 |     5 ||     8
Armor: Skin              |    54 |    39 ||    93
Dodge: Dodged            |    81 |    97 ||   178
       Rpst.: Falchion   |    17 |    33 ||    50

Table legend:
 A = Non-vault XP
 B = Vault XP
 C = Vault XP percentage of total XP
 D = Non-vault monster count
 E = Vault monster count
 F = Vault count percentage of total count
                 A         B        C        D         E       F
            +---------+---------+-------+---------+---------+-------
      Total |     182 |      59 |  24.5 |      56 |       9 |  13.8
            +---------+---------+-------+---------+---------+-------
        D:1 |      20 |       0 |   0.0 |      11 |       0 |   0.0
        D:2 |      70 |      34 |  32.7 |      23 |       4 |  14.8
        D:3 |      75 |      25 |  25.0 |      20 |       5 |  20.0
        D:4 |      17 |       0 |   0.0 |       2 |       0 |   0.0
            +---------+---------+-------+---------+---------+-------
